 Dungeon Crawl Stone Soup version 0.29.1-2-gbd0b4ee654 (webtiles) character file.

Game seed: 1539980995919467502

1089 BreadTh the Cleaver (level 8, -5/73 HPs)
             Began as a Minotaur Fighter on Nov 23, 2022.
             Slain by Erica
             ... wielding a +1 scimitar of flaming
              (6 damage)
             ... on level 8 of the Dungeon.
             The game lasted 00:11:37 (4668 turns).

BreadTh the Cleaver (Minotaur Fighter)              Turns: 4668, Time: 00:11:39

Health: -5/73      AC: 12    Str: 23    XL:     8   Next: 9%
Magic:  7/7        EV:  6    Int:  5    God:
Gold:   254        SH:  4    Dex: 10    Spells: 7/7 levels left

rFire   . . .      SeeInvis .   D - +1 war axe (elec)
rCold   . . .      Faith    .   c - +0 buckler
rNeg    . . .      Spirit   .   q - +0 plate armour
rPois   .          Reflect  .   (helmet restricted)
rElec   .          Harm     .   w - +0 cloak
rCorr   .          Rampage  .   (no gloves)
Will    .....                   (no boots)
Stlth   ..........              (no amulet)
HPRegen 0.22/turn               (no ring)
MPRegen 0.10/turn               (no ring)

@: slowed, very slow
A: horns 2, retaliatory headbutt
a: no special abilities


You were on level 8 of the Dungeon.
You visited 1 branch of the dungeon, and saw 6 of its levels.

You collected 254 gold pieces.

Inventory:

Hand Weapons
 i - a +1 dagger of venom
 C - a +0 halberd
 D - a +1 war axe of electrocution (weapon)
Missiles
 n - 5 silver javelins (quivered)
 x - 9 poisoned darts
Armour
 b - a +0 scale mail
 c - a +0 buckler (worn)
 e - a +1 robe of willpower
 p - a scarf of resistance
 q - a +0 plate armour (worn)
 w - a +0 cloak (worn)
Magical Staves
 h - a staff of cold
Jewellery
 s - the amulet "Kidufosa" {rF+++ rC- Regen+ rCorr SInv}
   (You found it on level 3 of the Dungeon)

   [amulet of regeneration]

   rF:        It renders you almost immune to fire.
   rC:        It makes you vulnerable to cold.
   SInv:      It lets you see invisible.
   Regen:     It increases your rate of health regeneration.
   rCorr:     It protects you from acid and corrosion.
Scrolls
 f - 5 scrolls of identify {unknown}
 g - 2 scrolls of teleportation {unknown}
 o - a scroll of poison {unknown}
 r - a scroll of noise {unknown}
 t - a scroll of summoning {unknown}
 y - a scroll of enchant weapon {unknown}
 z - a scroll of immolation {unknown}
Potions
 d - 2 potions of might
 j - a potion of haste {unknown}
 l - a potion of heal wounds {unknown}
 m - 2 potions of lignification {unknown}
 u - 3 potions of attraction {unknown}
 v - a potion of cancellation {unknown}
 A - a potion of invisibility {unknown}
 B - a potion of brilliance {unknown}


   Skills:
 + Level 7.5 Fighting
 * Level 9.6 Axes
 - Level 3.6 Armour
 - Level 3.6 Shields


You had 7 spell levels left.
You didn't know any spells.
Your spell library was empty.

Dungeon Overview and Level Annotations

Branches:
Dungeon (5/15)               Lair (0/5) D:8
 Temple: D:4-7

Altars:
Qazlal
Sif Muna

Annotations:
D:8 Erica


Innate Abilities, Weirdness & Mutations

You have a pair of horns on your head.
You reflexively headbutt those who attack you in melee.


Message History

You closely miss Erica. You headbutt Erica.
Erica is severely wounded.
Erica hits you with a +1 scimitar of flaming.
Erica burns you.
You closely miss Erica. Your headbutt misses Erica.
Erica is severely wounded.
Erica casts a spell at you.
You feel yourself slow down.
You closely miss Erica.
Erica is severely wounded.
Erica hits you with a +1 scimitar of flaming.
Erica burns you.
Erica mumbles some strange words.
Erica flickers and vanishes!
Deactivating autopickup; reactivate with Ctrl-A.
You closely miss something. Something hits you.
* * * LOW HITPOINT WARNING * * *
Something burns you.
* * * LOW HITPOINT WARNING * * *
You hear some strange, mumbled words.
You are confused.
You miss something. Your headbutt misses something. Something hits you.
* * * LOW HITPOINT WARNING * * *
Something burns you.
* * * LOW HITPOINT WARNING * * *
A water moccasin comes into view.
Something hits you.
* * * LOW HITPOINT WARNING * * *
Something burns you.
* * * LOW HITPOINT WARNING * * *
Something hits you but does no damage.
You bump into the rock wall.
Something hits you but does no damage.
You miss something. Your headbutt misses something.
You feel less confused. Something hits you.
* * * LOW HITPOINT WARNING * * *
Something burns you.
* * * LOW HITPOINT WARNING * * *
Something hits you.
You die...

##########
.......@.# #.
.#######{# #.#
#####.### #.#
#.......#####.#####
#.###.#.##........#
#.#.##....>.#.#
..#.##.#...##.###
...#.##.##......))
###S#........##.###


There were no monsters in sight!

Vanquished Creatures
  A wyvern (D:4)
  A sky beast (D:8)
  An ogre (D:4)
  A phantom (D:5)
  A necrophage (D:5)
  A scorpion (D:5)
  3 wights (D:8)
  A howler monkey (D:4)
  A gnoll bouda (D:4)
  5 orc wizards
  Robin (D:3)
  5 gnolls
  5 adders
  A worm (D:3)
  5 dart slugs
  8 orcs
  A bat skeleton (D:2)
  3 endoplasms (D:3)
  3 giant cockroaches
  17 goblins
  8 hobgoblins
  8 jackals
  6 quokkas
  3 ball pythons
  7 bats
  5 frilled lizards
  A giant cockroach zombie (D:2)
  7 kobolds
  5 rats
115 creatures vanquished.

Vanquished Creatures (others)
  A withered plant (D:2)
1 creature vanquished.

Grand Total: 116 creatures vanquished

Notes
Turn   | Place    | Note
-------+----------+-------------------------------------------
     0 | D:1      | BreadTh the Minotaur Fighter began the quest for the Orb.
     0 | D:1      | Reached XP level 1. HP: 19/19 MP: 0/0
   105 | D:1      | Reached skill level 3 in Axes
   109 | D:1      | Reached XP level 2. HP: 27/27 MP: 1/1
   568 | D:1      | Reached XP level 3. HP: 32/33 MP: 2/2
   823 | D:2      | Reached skill level 4 in Axes
   977 | D:2      | HP: 1/34 [something (4)]
   980 | D:2      | Reached XP level 4. HP: 1/41 MP: 3/3
   994 | D:2      | Reached skill level 5 in Axes
  1550 | D:2      | Found a faded altar of an unknown god.
  1565 | D:2      | Reached XP level 5. HP: 47/47 MP: 4/4
  1607 | D:2      | Found a stormy altar of Qazlal.
  1847 | D:3      | Reached skill level 5 in Fighting
  1914 | D:3      | Noticed Robin
  1952 | D:3      | Killed Robin
  2458 | D:3      | Identified the amulet "Kidufosa" {rF+++ rC- Regen+ rCorr
                  | SInv}
  2577 | D:4      | Found a shimmering blue altar of Sif Muna.
  2580 | D:4      | Reached skill level 6 in Axes
  2624 | D:4      | Reached XP level 6. HP: 13/56 MP: 5/5
  3098 | D:4      | Reached skill level 7 in Axes
  3699 | D:5      | Entered Level 5 of the Dungeon
  3723 | D:5      | Reached XP level 7. HP: 48/63 MP: 6/6
  3842 | D:5      | Noticed a wyvern
  3852 | D:5      | Reached skill level 8 in Axes
  3875 | D:4      | Killed a wyvern
  4155 | D:5      | You fall into a shaft and drop 3 floors!
  4196 | D:8      | Found a staircase to the Lair.
  4239 | D:8      | Reached skill level 9 in Axes
  4480 | D:8      | Reached XP level 8. HP: 67/73 MP: 7/7
  4649 | D:8      | Noticed Erica
  4668 | D:8      | HP: 2/73 [something (3)]
  4668 | D:8      | Slain by Erica

Illustrated notes

Levels and vault maps discovered:
D:1:      amcnicky_arrival_underground_garden, layout_rooms
D:2:      layout_loops_ring, hellmonk_ecumenical_altar_arch_garden, basic_altar,
          serial_undead, serial_undead_a, serial_undead_c, serial_undead_c,
          serial_undead_c, serial_undead_c, corexii_leaking_fountain,
          minmay_pentomino_u2
D:3:      layout_loops_ring, nicolae_elevator_lobby_plus, uniq_robin
D:4:      layout_loops_cross, mainiacjoe_overflow_concentric_impassable
D:5:      layout_basic
D:8:      layout_loops_corners, dpeg_oklobed_lair,
          chequers_serial_rivers_micro_c, uniq_erica, uniq_grum

Skill      XL: |  1  2  3  4  5  6  7 |
---------------+----------------------+-----
Axes           | 3 4 5 6 7 9 |  9.6
Fighting       | 4 5 6 7 |  7.5
Armour         | |  3.6
Shields        | |  3.6

Action                   |  1- 3 |  4- 6 |  7- 9 || total
-------------------------+-------+-------+-------++-------
Melee: War axe           |    24 |       |    30 ||    54
       Dagger            |    65 |       |       ||    65
       Headbutt          |    10 |    24 |    16 ||    50
       Hand axe          |     1 |   178 |    35 ||   214
  Use: Potion            |     2 |       |       ||     2
Armor: Scale mail        |    39 |    42 |       ||    81
       Plate armour      |       |    37 |    38 ||    75
Dodge: Dodged            |    44 |    46 |    14 ||   104
Block: Buckler           |    14 |    46 |     8 ||    68
